 Dungeon Crawl Stone Soup version 0.31-a0-329-g52107efa6a (webtiles) character file.

Game seed: 15657272800951085859

3599 AdnanSaban the Basher (level 10, 0/63 HPs)
             Began as a Gargoyle Fighter on July 18, 2023.
             Was a Believer of Okawaru.
             Slain by an orc warrior
             ... wielding a +0 scimitar
              (8 damage)
             ... on level 6 of the Dungeon.
             The game lasted 00:10:52 (7401 turns).

AdnanSaban the Basher (Gargoyle Fighter)            Turns: 7401, Time: 00:10:53

Health: 0/63       AC: 24    Str: 23    XL:     10   Next: 10%
Magic:  8/10       EV:  9    Int: 10    God:    Okawaru [**....]
Gold:   359        SH: 11    Dex:  9    Spells: 9/9 levels left

rFire   . . .        w - +0 flail (holy)
rCold   . . .        A - +0 kite shield
rNeg    + . .        t - +0 chain mail {Will+}
rPois   ∞            j - +0 helmet
rElec   +            v - +0 cloak
rCorr   .            z - +0 pair of gloves
SInv    .            (no boots)
Will    ++...        (no amulet) Stlth
                     o - ring of willpower
HPRegen 0.30/turn    (no ring)
MPRegen 0.12/turn

%: no passive effects
@: heroic
A: sickness immunity, AC +7, negative energy resistance 1, electricity
resistance, torment resistance 1, petrification resistance
a: Renounce Religion, Heroism


You were on level 6 of the Dungeon.
You worshipped Okawaru.
Okawaru was pleased with you.
You visited 1 branch of the dungeon, and saw 6 of its levels.

You collected 359 gold pieces.

Inventory:

Hand Weapons
 w - a +0 flail of holy wrath (weapon)
Armour
 j - a +0 helmet (worn)
 t - a +0 chain mail of willpower (worn)
 v - a +0 cloak (worn)
 z - a +0 pair of gloves (worn)
 A - a +0 kite shield (worn)
Jewellery
 o - a ring of willpower (left hand)
 C - a +6 ring of intelligence
Wands
 a - a wand of mindburst (14)
 p - a wand of acid (5)
 x - a wand of flame (25)
Scrolls
 c - 2 scrolls of enchant armour {unknown}
 e - 4 scrolls of teleportation {unknown}
 f - 6 scrolls of identify {unknown}
 g - a scroll of fear {unknown}
 h - 2 scrolls of vulnerability {unknown}
 i - 3 scrolls of immolation
 l - a scroll of fog {unknown}
 m - 2 scrolls of blinking {unknown}
 q - 2 scrolls of enchant weapon {unknown}
 r - a scroll of poison {unknown}
 y - a scroll of torment {unknown}
Potions
 b - 2 potions of curing {unknown}
 d - 2 potions of might
 k - 3 potions of ambrosia
 n - a potion of berserk rage {unknown}
 s - a potion of enlightenment {unknown}
 u - 2 potions of degeneration {unknown}
 B - 2 potions of attraction {unknown}
 D - 2 potions of lignification {unknown}


   Skills:
 + Level 7.1(12.1) Fighting
 + Level 9.9(14.9) Maces & Flails
 + Level 7.5(12.5) Armour
 + Level 7.4(12.4) Shields
 + Level 0.2 Invocations


You had 9 spell levels left.
You didn't know any spells.
Your spell library contained the following spells:

 Spells                   Type           Power      Damage    Failure   Level
 Magic Dart               Conj           0%         1d3       94%         1
 Ensorcelled Hibernation  Hex/Ice        0%         N/A       98%         2
 Searing Ray              Conj           0%         2d4       98%         2
 Anguish                  Hex/Necr       0%         N/A       100%        4
 Fulminant Prism          Conj/Hex       0%         3d5       100%        4
 Ozocubu's Refrigeration  Ice            0%         4d7       100%        7
 Polar Vortex             Ice            0%         N/A       100%        9
 Simulacrum               Ice/Necr       Unusable   N/A       N/A         6

Dungeon Overview and Level Annotations

Branches:
Dungeon (6/15)             Temple (0/1) D:6

Altars:
Okawaru
Sif Muna

Shops:
D:5 ?

Annotations:
D:5 1 runed translucent door, Crazy Yiuf


Innate Abilities, Weirdness & Mutations

You are immune to sickness and miasma.
Your stone body is resilient. (AC +7)
You are immune to poison.
You resist negative energy. (rN+)
You are resistant to electric shocks. (rElec)
You are resistant to unholy torment.
You are immune to petrification.


Message History

You are too injured to fight recklessly!
You are too injured to fight recklessly!
You are too injured to fight recklessly!
You are too injured to fight recklessly!
You are too injured to fight recklessly!
You are too injured to fight recklessly!
You are too injured to fight recklessly!
You are too injured to fight recklessly!
You are too injured to fight recklessly!
You are too injured to fight recklessly!
You are too injured to fight recklessly!
You are too injured to fight recklessly!
You gain the combat prowess of a mighty hero.
Something hits you but does no damage. You block something's attack.
The orc warrior hits you but does no damage.
You barely miss the orc priest. Something hits you.
You block the orc priest's attack. Something hits you but does no damage.
You barely miss the orc priest.
The orc warrior hits you but does no damage.
Something hits you but does no damage.
You hit the orc priest.
The orc priest is lightly wounded.
Something hits you.
The orc priest invokes the aid of Beogh against you.
Beogh smites you!
* * * LOW HITPOINT WARNING * * *
The orc warrior hits you but does no damage.
Something hits you but does no damage.
You hit the orc priest.
The orc priest is moderately wounded.
The orc priest calls down the wrath of Beogh upon you.
Beogh smites you!
* * * LOW HITPOINT WARNING * * *
Something hits you but does no damage. You block the orc warrior's attack.
You hit the orc priest but do no damage.
The orc priest is moderately wounded.
Something hits you but does no damage. You block the orc priest's attack.
Something hits you but does no damage.
The orc warrior hits you with a +0 scimitar!
You die...

≈≈~~≈~≈≈~....~~~~~~~~~~~~#####≈≈.
.........................#o..#≈≈)
#########''''#############...#≈~.
.'......#....# #'###≈~.
.#.##.###....# . ..#.≈≈~.
.#.#....#....# ... #.≈≈~.
#########....#######''## #.~≈~.
........#....#..o.{....# #.≈≈~.
....#8..'....'..@o{....' #(~~~.
##..#8..'....'.........# #.~~~.
.#......#8..8#.........# #.~≈≈.
)#########################?#.≈≈~.
.')...[..)...............#'###≈~.
########################+#...#≈≈.
...................)..)..#OoO#≈~.
≈~~~~~≈~~≈~~~≈≈~~~)~~~~~~#####≈~.
≈≈≈≈≈≈≈≈≈≈≈~≈≈≈≈≈≈≈≈≈≈≈≈≈≈≈≈≈≈≈~.


You could see an orc warrior and an orc priest.

Vanquished Creatures
  A troll (D:6)
  3 wargs (D:6)
  2 black bears (D:6)
  An orc warrior (D:6)
  An ice beast (D:6)
  A centaur (D:6)
  6 ogres (D:6)
  2 phantoms
  Blork the orc (D:5)
  4 kobold brigands (D:6)
  2 gnoll sergeants
  2 scorpions
  10 howler monkeys
  2 jellies
  5 orc priests
  7 hounds
  4 orc wizards
  17 gnolls
  11 adders
  2 white imps
  An ufetubus (D:3)
  4 worms
  A dart slug (D:2)
  23 orcs
  7 ball pythons
  9 bats
  10 endoplasms
  6 giant cockroaches
  5 goblins
  7 hobgoblins
  4 jackals (D:2)
  4 quokkas
  4 frilled lizards
  12 kobolds
  5 rats
186 creatures vanquished.

Notes
Turn   | Place    | Note
-------+----------+-------------------------------------------
     0 | D:1      | AdnanSaban the Gargoyle Fighter began the quest for the
                  | Orb.
     0 | D:1      | Reached XP level 1. HP: 14/14 MP: 1/1
   335 | D:1      | Reached XP level 2. HP: 19/19 MP: 2/2
   686 | D:1      | Reached XP level 3. HP: 20/23 MP: 3/3
  1253 | D:2      | Reached XP level 4. HP: 27/29 MP: 4/4
  1276 | D:2      | Reached skill level 3 in Maces & Flails
  1538 | D:2      | Reached XP level 5. HP: 21/33 MP: 5/5
  1833 | D:3      | Found a faded altar of an unknown god.
  1918 | D:3      | Found a transporter.
  2157 | D:3      | Found a shimmering blue altar of Sif Muna.
  2243 | D:3      | Found a transporter.
  2692 | D:3      | Reached skill level 4 in Maces & Flails
  2772 | D:4      | Reached XP level 6. HP: 34/38 MP: 6/6
  3470 | D:5      | Entered Level 5 of the Dungeon
  3559 | D:5      | Reached skill level 5 in Armour
  3592 | D:5      | Reached skill level 5 in Maces & Flails
  3592 | D:5      | Reached XP level 7. HP: 44/44 MP: 7/7
  3597 | D:5      | Noticed Blork the orc
  3613 | D:5      | Killed Blork the orc
  3652 | D:5      | Found Baeluys's Magic Scroll Boutique.
  4110 | D:4      | Reached skill level 6 in Maces & Flails
  4674 | D:5      | Found a runed translucent door.
  4675 | D:5      | Noticed Crazy Yiuf
  4748 | D:6      | Reached skill level 5 in Fighting
  4748 | D:6      | Reached XP level 8. HP: 37/49 MP: 8/8
  5331 | D:6      | Found an iron altar of Okawaru.
  5360 | D:6      | Became a worshipper of Warmaster Okawaru
  5495 | D:6      | Reached skill level 7 in Maces & Flails
  5495 | D:6      | Reached skill level 5 in Shields
  5800 | D:6      | Reached XP level 9. HP: 55/55 MP: 9/9
  5823 | D:6      | Reached * piety under Okawaru
  5914 | D:6      | Reached skill level 8 in Maces & Flails
  6374 | D:6      | Found a staircase to the Ecumenical Temple.
  6531 | D:6      | Reached ** piety under Okawaru
  6656 | D:6      | HP: 2/56 [ogre/+0 giant club (11)]
  6663 | D:6      | Reached skill level 9 in Maces & Flails
  6717 | D:6      | HP: 2/56 [orc priest/divine providence (13)]
  7044 | D:6      | Noticed a troll
  7060 | D:6      | Killed a troll
  7085 | D:6      | Reached XP level 10. HP: 19/63 MP: 10/10
  7401 | D:6      | Slain by an orc warrior

Illustrated notes

Levels and vault maps discovered:
D:1:      beargit_arrival_diablo_church, layout_basic
D:2:      layout_basic
D:3:      gammafunk_wand_slinger, layout_basic, lemuel_blue_sif_altar,
          hellmonk_ecumenical_altar_blasted, st_stairs_3
D:4:      layout_cave_pools
D:5:      layout_basic, serial_shops, shop, lightli_minifort,
          uniq_crazy_yiuf_cottage, uniq_blork_the_orc
D:6:      lemuel_castle_with_subvaults [lemuel_castle_interior_carwin_2],
          layout_basic, mainiacjoe_overflow_catwalk, temple_hall

Skill      XL: |  1  2  3  4  5  6  7  8  9 |
---------------+----------------------------+-----
Maces & Flails | 3 4 5 6 7 9 |  9.9
Armour         | 4 5 6 7 |  7.5
Fighting       | 4 5 6 7 |  7.1
Shields        | 4 5 7 |  7.4
Invocations    | |  0.2

Action                     |  1- 3 |  4- 6 |  7- 9 | 10-12 || total
---------------------------+-------+-------+-------+-------++-------
  Melee: Flail             |   165 |   291 |   520 |    56 ||  1032
 Invoke: Heroism           |       |       |     2 |     1 ||     3
 Armour: Scale mail        |   123 |   164 |       |       ||   287
         Chain mail        |       |    64 |   314 |    33 ||   411
  Dodge: Dodged            |   126 |   204 |   138 |    11 ||   479
  Block: Buckler           |    51 |   117 |    14 |       ||   182
         Kite shield       |       |       |   187 |    28 ||   215

Table legend: (Time is in decaauts)
 A = Elapsed time spent in this place.
 B = Non-inter-level travel time spent in this place.
 C = Inter-level travel time spent in this place.
 D = Time resting spent in this place.
 E = Time spent auto-exploring this place.
 F = Levels seen in this place.
 G = Mean time per level.
                   A        B        C        D        E       F      G
               +--------+--------+--------+--------+--------+-----+--------+
         Total |   7610 |   7325 |    285 |   1191 |   4069 |   6 | 1268.3 |
       Dungeon |   7610 |   7325 |    285 |   1191 |   4069 |   6 | 1268.3 |
               +--------+--------+--------+--------+--------+-----+--------+

Top non-repeatable levels by time:
     D:6: 2403 daAuts
     D:5: 1426 daAuts
     D:3: 1132 daAuts
     D:1: 929 daAuts
     D:2: 906 daAuts
     D:4: 812 daAuts
